 Dungeon Crawl Stone Soup version 0.20-a0-960-ge493e74 (webtiles) character file.

27 Rrauwl the Charmwright (level 3, 0/28 HPs)
             Began as a Barachi Skald on Apr 7, 2017.
             Killed from afar by a white imp (1 damage)
             ... with a puff of frost
             ... summoned by Natasha
             ... on level 2 of the Dungeon.
             The game lasted 00:06:35 (1169 turns).

Rrauwl the Charmwright (Barachi Skald)              Turns: 1169, Time: 00:06:36

Health: 0/28       AC:  3    Str: 12    XL:     3   Next: 10%
Magic:  6/6        EV: 12    Int: 13    God:
Gold:   93         SH:  0    Dex: 12    Spells: 7/7 levels left

rFire    . . .     SeeInvis .   a - +0 falchion
rCold    . . .     Gourm    .   (no shield)
rNeg     . . .     Faith    .   b - +0 leather armour
rPois    .         Spirit   .   (no helmet)
rElec    .         Reflect  .   (no cloak)
rCorr    .         Harm     .   (no gloves)
MR       .....                  (no boots)
Stlth    ++........             (no amulet)
Regen    0.1/turn               j - ring of wizardry
MPRegen  0.1/turn               (no ring)

@: can't hop, slow
A: +LOS, swims, hooves 1, camouflage 1, slowness 1, sturdy frame 1, strong legs
1
a: Hop


You were on level 2 of the Dungeon.
You were hungry.

You visited 1 branch of the dungeon, and saw 2 of its levels.

You collected 93 gold pieces.

Inventory:

Hand Weapons
 a - a +0 falchion (weapon)
Missiles
 f - 14 sling bullets
Armour
 b - a +0 leather armour (worn)
Jewellery
 j - a ring of wizardry (left hand)
Scrolls
 k - a scroll of identify
 l - a scroll of teleportation
Potions
 e - a potion of agility
 g - a potion of mutation
Books
 c - a book of Battle

   Spells                             Type                      Level
   a - Infusion                       Charms                       1
   b - Shroud of Golubria             Charms/Translocation         2
   c - Song of Slaying                Charms                       2
   d - Spectral Weapon                Hexes/Charms                 3
   e - Regeneration                   Charms/Necromancy            3
Comestibles
 d - 6 bread rations
 h - 4 fruits
 i - a royal jelly


   Skills:
 + Level 2.8 Fighting
 + Level 2.6 Long Blades
 + Level 1.9 Armour
 + Level 2.5 Dodging
 + Level 2.5 Spellcasting
   Level 3.4 Charms


You had 7 spell levels left.
You didn't know any spells.

Dungeon Overview and Level Annotations

Branches:
Dungeon (2/15)

Altars:

Annotations:
D:2 Natasha


Innate Abilities, Weirdness & Mutations

Shadows flee at your approach. (+LOS)
You can swim through water.
You cover ground slowly.
You can hop short distances.
You have large cloven feet.
Your skin changes colour to match your surroundings (Stealth+).
Your movements are slightly less encumbered by armour. (ER -2)


Message History

Natasha is lightly wounded.
Natasha claws you but does no damage. The rat closely misses you.
The white imp gestures at you. The puff of frost hits you!
You hit Natasha. Your kick misses Natasha.
Natasha is moderately wounded.
Natasha claws you but does no damage. The rat closely misses you.
The white imp hits you. The white imp freezes you.
* * * LOW HITPOINT WARNING * * *
Natasha claws you.
* * * LOW HITPOINT WARNING * * *
Hop to where?
Press: ? - help, Dir - move target cursor Boing!
Natasha casts a spell.
The bat hits you.
* * * LOW HITPOINT WARNING * * *
The white imp gestures at you. The puff of frost hits you!
You die...

#....#.).# #.#
........# #.# #..#5#.#
#.# #..#h#.# #.#
#.†J5#.# #.# #....#.#
#.# ###r.#.# #[# #5.#.#
#.#
...###b>.@###########.#
......................#
...####################
.


You could see a white imp, a bat and a rat.

Vanquished Creatures
  A dart slug (D:1)
  3 ball pythons (D:1)
  6 bats
  2 goblins (D:1)
  4 jackals (D:1)
  A frilled lizard (D:1)
  A kobold (D:1)
  6 rats
24 creatures vanquished.

Notes
Turn   | Place    | Note
-------+----------+-------------------------------------------
     0 | D:1      | Rrauwl the Barachi Skald began the quest for the Orb.
     0 | D:1      | Reached XP level 1. HP: 17/17 MP: 3/3
    76 | D:1      | Gained mutation: You have large cloven feet. [potion of mutation]
    76 | D:1      | Gained mutation: Your movements are slightly less encumbered by armour. (ER -2) [potion of mutation]
    76 | D:1      | Gained mutation: Your skin changes colour to match your surroundings (Stealth+). [potion of mutation]
   295 | D:1      | Reached XP level 2. HP: 21/23 MP: 5/5
   938 | D:1      | Reached XP level 3. HP: 28/28 MP: 6/6
  1154 | D:2      | Noticed Natasha
  1169 | D:2      | HP: 1/28 [bat (1)]
  1169 | D:2      | Killed from afar by a white imp

Vault maps used:
D:1:      nicolae_arrival_memento_mori
D:2:      ashenzari_conservatory_becter, lightli_corner_chamber, uniq_natasha

Action                   || total
-------------------------++-------
Melee: Falchion          ||    76
       Kick              ||    16
 Abil: Hop               ||     1
  Use: Potion            ||     3
       Scroll            ||     3
 Stab: Sleeping          ||     2
  Eat: Chunk             ||     1
Armor: Leather armour    ||    42
Dodge: Dodged            ||    74
       Rpst.: Falchion   ||    31
